 Dungeon Crawl Stone Soup version 0.30.0-5-g1a98f26d00 (webtiles) character file.

Game seed: 4917826592088556870

106 howech the Chopper (level 5, -6/39 HPs)
             Began as a Human Gladiator on May 11, 2023.
             Mangled by a gnoll
             ... wielding a +0 flail
              (9 damage)
             ... on level 3 of the Dungeon.
             The game lasted 00:07:48 (1927 turns).

howech the Chopper (Human Gladiator)                Turns: 1927, Time: 00:07:49

Health: -6/39      AC:  7    Str: 15    XL:     5   Next: 10%
Magic:  0/6        EV: 12    Int: 10    God:
Gold:   69         SH:  0    Dex: 14    Spells: 1/5 levels left

rFire   . . .        b - +2 dagger of Fieliq {vamp, rPois rC+}
rCold   + . .        (no shield)
rNeg    . . .        o - +0 leather armour
rPois   +            c - +0 helmet
rElec   .            (no cloak)
rCorr   .            g - +2 pair of gloves {infuse}
SInv    .            (no boots)
Will    .....        (no amulet)
Stlth   +            (no ring)
HPRegen 0.26/turn    (no ring)
MPRegen 0.10/turn

%: no passive effects
@: no status effects
A: no striking features
a: no special abilities


You were on level 3 of the Dungeon.
You visited 1 branch of the dungeon, and saw 3 of its levels.

You collected 69 gold pieces.

Inventory:

Hand Weapons
 a - a +0 war axe
 b - the +2 dagger of Fieliq (weapon) {vamp, rPois rC+}
   (You found it on level 2 of the Dungeon)

   rC:        It protects you from cold.
   rPois:     It protects you from poison.
Missiles
 d - 4 throwing nets (quivered)
 e - a javelin
 s - 4 atropa-tipped darts
Armour
 c - a +0 helmet (worn)
 g - a +2 pair of gloves of infusion (worn)
 o - a +0 leather armour (worn)
Jewellery
 k - a ring of resist corrosion
 r - a +4 ring of protection
Scrolls
 m - a scroll of identify {unknown}
 p - a scroll of acquirement {unknown}
 q - a scroll of blinking {unknown}
Potions
 f - a potion of berserk rage {unknown}
 h - a potion of haste {unknown}
 i - 2 potions of degeneration {unknown}
 j - 3 potions of curing {unknown}
 l - 2 potions of attraction {unknown}
 n - a potion of mutation {unknown}


   Skills:
 + Level 2.4 Fighting
 * Level 0.6 Short Blades
 + Level 3.8 Axes
 + Level 2.4 Throwing
 + Level 1.2 Armour
 + Level 3.3 Dodging
 + Level 0.9 Spellcasting
 + Level 0.4 Necromancy


You had one spell level left.
You knew the following spells:

 Your Spells              Type           Power      Damage    Failure   Level
a - Necrotise             Necr           4%         1d4       36%         1
b - Vampiric Draining     Necr           1%         2d6       73%         3

Your spell library contained the following spells:

 Spells                   Type           Power      Damage    Failure   Level
 Tukima's Dance           Hex            0%         N/A       78%         3
 Passage of Golubria      Tloc           0%         N/A       99%         4
 Agony                    Necr           1%         N/A       100%        5
 Yara's Violent Unravell  Hex/Tmut       0%         3d3       100%        5


Dungeon Overview and Level Annotations

Branches:
Dungeon (3/15)

Altars:

Shops:
D:2 (   D:3 (


Message History

The gnoll misses you.
You puncture the gnoll!
The gnoll is severely wounded.
The gnoll closely misses you.
Unknown command.
You barely miss the gnoll.
The gnoll is severely wounded.
The gnoll closely misses you. The gnoll hits you with a +0 halberd.
Unknown command.
You hit the gnoll.
You feel better.
The gnoll is almost dead.
The gnoll hits you with a +0 halberd! The gnoll hits you with a +0 flail.
The gnoll hits you but does no damage.
Unknown command.
You hit the gnoll.
You feel better.
You kill the gnoll!
The gnoll closely misses you. x2
You have reached level 5!
You hit the gnoll.
The gnoll is heavily wounded.
The gnoll misses you. x2
Unknown command.
You closely miss the gnoll. The gnoll hits you but does no damage.
The gnoll hits you with a +0 flail!
Unknown command.
You closely miss the gnoll.
The gnoll is heavily wounded.
The gnoll hits you with a +0 flail. The gnoll misses you.
Unknown command.
You hit the gnoll but do no damage.
The gnoll is heavily wounded.
The gnoll hits you with a +0 flail!
* * * LOW HITPOINT WARNING * * *
The gnoll barely misses you.
You barely miss the gnoll.
The gnoll is heavily wounded.
The gnoll hits you with a +0 flail.
* * * LOW HITPOINT WARNING * * *
The gnoll hits you with a +0 flail!
You die...

#.# #.# #..#
#.. #.. . ### #
#.. .# #.#.. ..
#.#..###.
#.?..... .....
#gg# #)@#
#..######.
######.........
...>....#######
#######.# #.
#.# ##.# #.#
..# #####.# ..#
#.....#


You could see 2 gnolls.

Vanquished Creatures
  Robin (D:2)
  A gnoll (D:3)
  3 adders
  A worm (D:3)
  3 orcs (D:3)
  3 endoplasms
  7 hobgoblins
  3 kobolds
  3 quokkas
  6 ball pythons
  8 bats
  A frilled lizard (D:1)
  10 goblins
50 creatures vanquished.

Notes
Turn   | Place    | Note
-------+----------+-------------------------------------------
     0 | D:1      | howech the Human Gladiator began the quest for the Orb.
     0 | D:1      | Reached XP level 1. HP: 16/16 MP: 1/1
   139 | D:1      | Reached XP level 2. HP: 21/22 MP: 0/2
   300 | D:1      | Found a faded altar of an unknown god.
   511 | D:1      | Reached XP level 3. HP: 27/27 MP: 0/3
   979 | D:2      | Noticed Robin
   993 | D:2      | Killed Robin
   994 | D:2      | Reached skill level 1 in Armour
   994 | D:2      | Reached XP level 4. HP: 20/34 MP: 0/4
  1066 | D:2      | Identified the +2 dagger of Fieliq {vamp, rPois rC+}
  1129 | D:2      | Found Orieh's Weapon Emporium.
  1293 | D:2      | Learned a level 1 spell: Necrotise
  1297 | D:2      | Learned a level 3 spell: Vampiric Draining
  1605 | D:3      | Found Tuugizuu's Antique Weapon Emporium.
  1923 | D:3      | Reached XP level 5. HP: 24/39 MP: 1/6
  1927 | D:3      | Mangled by a gnoll

Illustrated notes

Levels and vault maps discovered:
D:1:      lightli_arrival_statuegarden, layout_loops_cross,
          hellmonk_ecumenical_altar_slurped_away
D:2:      layout_loops_ring, serial_shops, nicolae_shop_tiny_waterfront,
          uniq_robin
D:3:      layout_loops_ring, tgw_fedhas, serial_shops, nicolae_shop_crystal,
          minmay_misc_feat_hallway, grunt_decor_resistance, uniq_ijyb

Skill      XL: |  1  2  3 |
---------------+----------+-----
Armour         | 1 |  1.2
Fighting       | |  2.4
Short Blades   | |  0.6
Axes           | |  3.8
Throwing       | |  2.4
Dodging        | |  3.3
Spellcasting   | |  0.9
Necromancy     | |  0.4

Action                     |  1- 3 |  4- 6 || total
---------------------------+-------+-------++-------
  Melee: War axe           |    67 |     8 ||    75
         Dagger            |       |    57 ||    57
    Use: Scroll            |     1 |       ||     1
   Stab: Sleeping          |     2 |     1 ||     3
 Armour: Leather armour    |    40 |    14 ||    54
  Dodge: Dodged            |    61 |    39 ||   100
